 Dungeon Crawl Stone Soup version 0.24-a0-244-ga6a6ab7 (webtiles) character file.

Game seed: 13498776495238066901

357 robertstho the Slinger (level 6, -12/41 HPs)
             Began as a Halfling Hunter on Apr 11, 2019.
             Splashed by Ijyb's acid (16 damage)
             ... on level 3 of the Dungeon.
             The game lasted 00:03:56 (2646 turns).

robertstho the Slinger (Halfling Hunter)            Turns: 2646, Time: 00:03:56

Health: -12/41     AC:  8    Str: 15    XL:     6   Next: 96%
Magic:  6/6        EV: 16    Int:  5    God:
Gold:   187        SH:  0    Dex: 15    Spells: 5/5 levels left

rFire    . . .     SeeInvis .   a - +1 hunting sling
rCold    . . .     Gourm    .   (shield restricted)
rNeg     . . .     Faith    .   o - +2 leather armour {MR+}
rPois    .         Spirit   .   (no helmet)
rElec    .         Reflect  .   (no cloak)
rCorr    .         Harm     .   (no gloves)
MR       +....                  n - +2 pair of boots
Stlth    ++........             (no amulet)
HPRegen  0.13/turn              t - -4 ring of intelligence (curse)
MPRegen  0.10/turn              (no ring)

@: no status effects
A: small, mutation resistance 1
a: no special abilities


You were on level 3 of the Dungeon.
You were not hungry.

You visited 1 branch of the dungeon, and saw 3 of its levels.

You collected 187 gold pieces.

Inventory:

Hand Weapons
 a - a +1 hunting sling (weapon)
 b - a +0 short sword
Missiles
 i - 91 stones (quivered)
Armour
 c - a +0 leather armour
 n - a +2 pair of boots (worn)
 o - a +2 leather armour of magic resistance (worn)
Jewellery
 t - a cursed -4 ring of intelligence (left hand)
 x - an uncursed ring of magical power {unknown}
Wands
 E - a wand of paralysis (10)
Scrolls
 g - 2 scrolls of random uselessness {unknown}
 h - a scroll of amnesia {unknown}
 l - 4 scrolls of teleportation {unknown}
 m - a scroll of identify {unknown}
 p - 2 scrolls of blinking {unknown}
 q - a scroll of noise {unknown}
 r - 2 scrolls of magic mapping {unknown}
 u - 3 scrolls of remove curse {unknown}
 v - a scroll of enchant armour {unknown}
 w - a scroll of enchant weapon {unknown}
 y - 2 scrolls of fog {unknown}
 F - a scroll of immolation {unknown}
Potions
 e - a potion of brilliance {unknown}
 j - a potion of degeneration {unknown}
 k - a potion of flight {unknown}
 s - a potion of invisibility {unknown}
 z - a potion of lignification {unknown}
 A - a potion of curing {unknown}
 B - a potion of haste {unknown}
 D - a potion of ambrosia {unknown}
Comestibles
 f - 3 rations


   Skills:
 + Level 2.7 Fighting
 + Level 9.3 Slings
 + Level 1.7 Armour
 * Level 3.7 Dodging
 - Level 1.1 Stealth


You had 5 spell levels left.
You didn't know any spells.
Your spell library was empty.

Dungeon Overview and Level Annotations

Branches:
Dungeon (3/15)

Altars:
Nemelex Xobeh

Annotations:
D:3 Ijyb


Innate Abilities, Weirdness & Mutations

You are small and have problems with some larger weapons.
You are somewhat resistant to further mutation.


Message History

Press: ? - help, Shift-Dir - straight line, f/p - Ijyb
Aim: Ijyb, wielding a +0 dagger, wearing a +0 leather armour and carrying a wand of acid (6) (almost dead)
You shoot a stone. The stone barely misses Ijyb.
Ijyb misses you.
Firing (i - inventory)
i - 94 stones (quivered)
Press: ? - help, Shift-Dir - straight line, f/p - Ijyb
Aim: Ijyb, wielding a +0 dagger, wearing a +0 leather armour and carrying a wand of acid (6) (almost dead)
You shoot a stone. The stone closely misses Ijyb.
Ijyb misses you.
Firing (i - inventory)
i - 93 stones (quivered)
Press: ? - help, Shift-Dir - straight line, f/p - Ijyb
Aim: Ijyb, wielding a +0 dagger, wearing a +0 leather armour and carrying a wand of acid (6) (almost dead)
You shoot a stone. The stone barely misses Ijyb.
Firing (i - inventory)
i - 92 stones (quivered)
Press: ? - help, Shift-Dir - straight line, f/p - Ijyb
Aim: Ijyb, wielding a +0 dagger, wearing a +0 leather armour and carrying a wand of acid (6) (almost dead)
You shoot a stone. The stone hits Ijyb.
Ijyb is almost dead.
Ijyb zaps a wand.
The bolt of acid hits you!
* * * LOW HITPOINT WARNING * * *
You are splashed with acid!
You die...

###.#.#.....## #####.# #
#...........# #.....#
#.##.###.###.### #.###.#
#........# #(# #.# #.#
####.##### #(# #.###.# #.#
##(## #.....# #.# ##...##
###.### ###.# ##....g## #.#
##.#.# #.....@.# ##.##
###....###.........####...###
.........+.........+........#
.......###.........####...#.#
.#.#...# ##.!.....## ##.##.#
.#.##..# ##.....## ####.#
.#<.#..# ##...## #.# .##.#..#
##+# #.# .......# #.# #.#


You could see Ijyb.

Vanquished Creatures
  Sigmund (D:3)
  An orc priest (D:3)
  A bullfrog skeleton (D:3)
  Natasha (D:3)
  4 adders
  2 worms (D:2)
  2 dart slugs
  3 leopard geckos
  7 orcs (D:3)
  2 ball pythons
  5 bats
  5 giant cockroaches
  7 hobgoblins
  5 kobolds
  2 quokkas (D:2)
  6 frilled lizards
  10 goblins
  10 rats
74 creatures vanquished.

Notes
Turn   | Place    | Note
-------+----------+-------------------------------------------
     0 | D:1      | robertstho the Halfling Hunter began the quest for the Orb.
     0 | D:1      | Reached XP level 1. HP: 14/14 MP: 1/1
    95 | D:1      | Reached skill level 6 in Slings
   149 | D:1      | Reached XP level 2. HP: 19/19 MP: 2/2
   558 | D:1      | Reached XP level 3. HP: 24/24 MP: 3/3
   904 | D:2      | Reached skill level 7 in Slings
  1040 | D:2      | Reached XP level 4. HP: 29/29 MP: 4/4
  1092 | D:2      | Reached skill level 1 in Armour
  1785 | D:2      | Found a sparkling altar of Nemelex Xobeh.
  2165 | D:3      | Noticed Sigmund
  2171 | D:3      | Killed Sigmund
  2171 | D:3      | Reached skill level 8 in Slings
  2171 | D:3      | Reached XP level 5. HP: 35/35 MP: 5/5
  2171 | D:3      | Reached XP level 6. HP: 41/41 MP: 6/6
  2316 | D:3      | Reached skill level 9 in Slings
  2531 | D:3      | Noticed Natasha
  2539 | D:3      | Killed Natasha
  2626 | D:3      | Noticed Ijyb
  2646 | D:3      | Splashed by Ijyb's acid

Levels and vault maps discovered:
D:1:      roderic_chinese_lattice_arrival, layout_basic
D:2:      layout_basic, serial_forest, infiniplex_forest_clump_C,
          infiniplex_forest_straight_2, infiniplex_forest_lined_2,
          infiniplex_forest_diagonal, infiniplex_forest_lined_2,
          skrybe_limestone_x, nemelex_xobeh_ov_fountains_minmay
D:3:      layout_loops_corners, uniq_natasha, uniq_ijyb, uniq_sigmund

Skill      XL: |  1  2  3  4  5  6 |
---------------+-------------------+-----
Slings         | 6 7 8 9 |  9.3
Fighting       | 2 |  2.7
Armour         | 1 |  1.7
Dodging        | 3 |  3.7
Stealth        | |  1.1

Action                   |  1- 3 |  4- 6 || total
-------------------------+-------+-------++-------
 Fire: Hunting sling     |    82 |   126 ||   208
  Eat: Chunk             |       |     5 ||     5
Armor: Leather armour    |     5 |     2 ||     7
Dodge: Dodged            |    14 |    21 ||    35

Table legend:
 A = Non-vault XP
 B = Vault XP
 C = Vault XP percentage of total XP
 D = Non-vault monster count
 E = Vault monster count
 F = Vault count percentage of total count
                 A         B        C        D         E       F
            +---------+---------+-------+---------+---------+-------
      Total |     263 |     247 |  48.4 |      72 |       2 |   2.7
            +---------+---------+-------+---------+---------+-------
        D:1 |      42 |       0 |   0.0 |      24 |       0 |   0.0
        D:2 |      72 |       0 |   0.0 |      25 |       0 |   0.0
        D:3 |     149 |     247 |  62.4 |      23 |       2 |   8.0
            +---------+---------+-------+---------+---------+-------
